 Dungeon Crawl Stone Soup version 0.25-a0-737-g26c3a87c45 (webtiles) character file.

Game seed: 6706024478817454603, levelgen mode: deterministic

234 wvc the Poker (level 5, -1/45 HPs)
             Began as a Draconian Monk on Apr 12, 2020.
             Killed by nerve-wracking pain
             ... invoked by Grinder
              (4 damage)
             ... on level 3 of the Dungeon.
             The game lasted 00:04:50 (2599 turns).

wvc the Poker (Draconian Monk)                      Turns: 2599, Time: 00:04:50

Health: -1/45      AC:  5    Str: 14    XL:     5   Next: 75%
Magic:  5/5        EV: 11    Int: 10    God:
Gold:   67         SH:  0    Dex: 14    Spells: 4/4 levels left

rFire    . . .     SeeInvis .   a - +0 spear
rCold    . . .     Gourm    .   (no shield)
rNeg     . . .     Faith    .   (armour unavailable)
rPois    .         Spirit   .   (helmet restricted)
rElec    .         Reflect  .   (no cloak)
rCorr    +         Harm     .   (no gloves)
MR       .....                  (no boots)
Stlth    ++........             (no amulet)
HPRegen  0.15/turn              d - ring of resist corrosion
MPRegen  0.09/turn              k - -2 ring of evasion (curse)

@: hasted, very quick
A: unfitting armour, cold-blooded, AC +5
a: no special abilities


You were on level 3 of the Dungeon.
You were hungry.

You visited 1 branch of the dungeon, and saw 4 of its levels.

You collected 67 gold pieces.

Inventory:

Hand Weapons
 a - a +0 spear (weapon)
 g - a +4 hunting sling
Missiles
 i - 3 boomerangs (quivered)
Jewellery
 d - a ring of resist corrosion (left hand)
 k - a cursed -2 ring of evasion (right hand)
Scrolls
 f - 2 scrolls of immolation
Potions
 e - 4 potions of curing
Comestibles
 b - 2 rations
 c - 4 chunks of flesh


   Skills:
 - Level 3.2 Fighting
 + Level 6.5 Polearms
 - Level 2.6 Dodging
 - Level 1.7 Stealth


You had 4 spell levels left.
You didn't know any spells.
Your spell library was empty.

Dungeon Overview and Level Annotations

Branches:
Dungeon (4/15)
 Temple: D:4-7

Altars:
Fedhas
The Shining One

Annotations:
D:3 Grinder


Innate Abilities, Weirdness & Mutations

Your plain brown scales are hard. (AC +5)
You cannot fit into any form of body armour.
You are cold-blooded and may be slowed by cold attacks.


Message History

You hit Grinder but do no damage. You tail-slap Grinder.
Grinder is moderately wounded.
You hit Grinder.
Grinder is heavily wounded.
Grinder closely misses you.
You hit Grinder.
Grinder is severely wounded.
You hit Grinder but do no damage. You tail-slap Grinder.
Grinder is severely wounded.
Grinder hits you!
* * * LOW HITPOINT WARNING * * *
You writhe in agony.
* * * LOW HITPOINT WARNING * * *
You hit Grinder but do no damage. You tail-slap Grinder.
Grinder is severely wounded.
You hit Grinder but do no damage.
Grinder is severely wounded.
Grinder gestures at you. Pain shoots through your body!
You die...

#.....#.####.####..#.......
.............# #..#.####.#
.##.##.###### #..#.# ....
##<##.#########..#.#.....
#.#...#............<.#.....
.........########.##....._.
#.#...#.#########.##.#.....
##.##...........##.#.....
#.......@######.##.# ....
##.#####5# #.##.####.# #
#.# #.##....... #.#
...#..###.# #.#
#.....#.#).# #.#
.....####.... #$# #.#.#
##>#. #.# .... ##.#.. .#.
##.###.


You could see Grinder.

Vanquished Creatures
  A crimson imp (D:2)
  An orc priest (D:4)
  3 orc wizards
  2 adders (D:2)
  3 worms
  A leopard gecko (D:2)
  2 orcs
  8 bats
  4 giant cockroaches
  5 goblins
  5 hobgoblins
  7 jackals (D:2)
  8 kobolds
  A quokka (D:2)
  2 ball pythons (D:1)
  2 frilled lizards
  4 rats
59 creatures vanquished.

Notes
Turn   | Place    | Note
-------+----------+-------------------------------------------
     0 | D:1      | wvc the Draconian Monk began the quest for the Orb.
     0 | D:1      | Reached XP level 1. HP: 19/19 MP: 1/1
    98 | D:1      | Reached XP level 2. HP: 26/26 MP: 2/2
   312 | D:1      | Reached skill level 4 in Polearms
   878 | D:2      | Reached XP level 3. HP: 29/31 MP: 3/3
   988 | D:2      | Reached skill level 5 in Polearms
   988 | D:2      | Reached XP level 4. HP: 25/38 MP: 4/4
  1626 | D:2      | Found a glowing golden altar of the Shining One.
  2006 | D:3      | Found a blossoming altar of Fedhas.
  2128 | D:4      | meem: I'm meem, an infobot run by MalcolmRoseGaming: Type
                  | !submeem to keep me in your games; !nomeem to shut me up
                  | forever; !meem for help; !whymeem if you want to know why
                  | meem exists. Visit http://youtube.com/malcolmrosegaming for
                  | more DCSS content.
  2133 | D:4      | Reached XP level 5. HP: 31/45 MP: 5/5
  2299 | D:4      | Reached skill level 6 in Polearms
  2582 | D:3      | Noticed Grinder
  2599 | D:3      | Killed from afar by Grinder

Levels and vault maps discovered:
D:1:      elethiomel_arrival_infinity_welcomes_careful_drivers,
          layout_loops_cross, minmay_misc_feat_more_columns
D:2:      minmay_skewed_foursquare, layout_loops_ring,
          nicolae_tso_swordbearing_angel
D:3:      layout_loops_ring, old_standard_altar, first_ration,
          portal_sewer_entry_a, uniq_grinder, uniq_terence
D:4:      layout_basic, minmay_misc_feat_rugged, grunt_decor_mini_mirrors

Skill      XL: |  1  2  3  4  5 |
---------------+----------------+-----
Polearms       | 4 5 6 |  6.5
Fighting       | |  3.2
Dodging        | |  2.6
Stealth        | |  1.7

Action                   |  1- 3 |  4- 6 || total
-------------------------+-------+-------++-------
Melee: Spear             |   100 |   160 ||   260
       Tailslap          |     8 |    17 ||    25
  Use: Scroll            |     2 |     1 ||     3
       Potion            |       |     5 ||     5
 Stab: Sleeping          |       |     6 ||     6
  Eat: Chunk             |       |     5 ||     5
Armor: Skin              |    13 |    24 ||    37
Dodge: Dodged            |    48 |    62 ||   110

Table legend:
 A = Non-vault XP
 B = Vault XP
 C = Vault XP percentage of total XP
 D = Non-vault monster count
 E = Vault monster count
 F = Vault count percentage of total count
                 A         B        C        D         E       F
            +---------+---------+-------+---------+---------+-------
      Total |     313 |      22 |   6.6 |      55 |       4 |   6.8
            +---------+---------+-------+---------+---------+-------
        D:1 |      33 |       0 |   0.0 |      20 |       0 |   0.0
        D:2 |     107 |      22 |  17.1 |      25 |       4 |  13.8
        D:3 |      52 |       0 |   0.0 |       4 |       0 |   0.0
        D:4 |     121 |       0 |   0.0 |       6 |       0 |   0.0
            +---------+---------+-------+---------+---------+-------
